AoeStats
← Foster

Arena

508805125Analyzed
1v1 RM · 8d ago on Sep 24, 2026· 36m 11s· 2 players
Game mode
Random Map
Map size
Tiny (2 player)
Population
200
Speed
Normal
Resources
Standard
Victory
Conquest
Starting age
Dark Age
Ending age
Imperial Age
RankedLock teamsTeams togetherTeam positionsShared explorationLock speedFull tech treeHidden civsTurbo modeCheats
Victory
Defeat
🇺🇸 Lithuanians · United States
781
+18
邦多利第一耐摔王-莫提斯
11:32 Feudal Age
13:05 Feudal Age
14:23 Double-Bit Axe
14:31 Gold Mining
14:36 Stone Mining
14:37 Gold Mining
17:04 Castle Age
15:23 Horse Collar
19:07 Bow Saw
21:09 Gold Shaft Mining
25:56 Imperial Age
26:44 Wheelbarrow
34:42 Heavy Plow
34:20 Elite Varangian Guard
Foster
10:57 Feudal Age
15:58 Castle Age
15:14 Horse Collar
15:21 Double-Bit Axe
15:31 Gold Mining
20:21 Bloodlines
22:01 Forging
22:09 Heavy Plow
22:03 Stone Mining
23:29 Wheelbarrow
24:18 Iron Casting
25:21 Stone Shaft Mining
25:34 Husbandry
27:33 Scale Barding Armor
27:48 Bow Saw
27:55 Hand Cart
27:26 Town Watch
27:26 Loom
30:36 Imperial Age
29:22 Hand Cart
31:35 Elite Leitis
Connection lost

Rejoining the realm…

Still unreachable

The connection could not be restored.

Session expired

The server has moved on; the page needs a fresh start.